 Dungeon Crawl Stone Soup version 0.29.1-13-g9f3cf754e1 (webtiles) character file.

Game seed: 3861231842325381516

8228 cowcol the Protected (level 11, -6/82 HPs)
             Began as a Minotaur Monk on Jan 28, 2023.
             Was a Priest of Hepliaklqana.
             Mangled by an orc warlord
             ... wielding a +0 great mace
              (9 damage)
             ... on level 9 of the Dungeon.
             The game lasted 00:35:44 (12103 turns).

cowcol the Protected (Minotaur Monk)               Turns: 12103, Time: 00:35:45

Health: -6/82      AC: 22    Str: 16 (17) XL:     11   Next: 7%
Magic:  0/10       EV:  8    Int: 15 (16) God:    Hepliaklqana [***...]
Gold:   593        SH:  4    Dex: 16      Spells: 10/10 levels left

rFire   . . .      SeeInvis .   l - +5 war axe
rCold   . . .      Faith    .   n - +0 buckler
rNeg    . . .      Spirit   +   t - +1 plate armour
rPois   .          Reflect  .   v - +2 hat
rElec   .          Harm     .   (no cloak)
rCorr   .          Rampage  .   (no gloves)
Will    .....      Clarity  +   G - +2 pair of boots "Xynweob" {Int+3}
Stlth   ..........              j - amulet of guardian spirit
HPRegen 0.23/turn               q - +6 ring of intelligence
MPRegen 0.12/turn               (no ring)

@: no status effects
A: reduced essence, horns 2, retaliatory headbutt, clarity, deterioration 1
a: Renounce Religion, Recall Ancestor, Ancestor Identity, Transference


You were on level 9 of the Dungeon.
You worshipped Hepliaklqana.
Hepliaklqana was most pleased with you.
You visited 3 branches of the dungeon, and saw 11 of its levels.

You collected 593 gold pieces.

Inventory:

Hand Weapons
 a - a +0 hand axe
 l - a +5 war axe (weapon)
 m - a +0 dagger
 z - a +0 battleaxe
 D - a +0 long sword
 J - a +3 scimitar of flaming
Missiles
 k - 49 stones
 C - 17 poisoned darts
 H - 6 javelins (quivered)
Armour
 b - a +0 robe
 d - a +0 troll leather armour
 g - a +0 pair of boots
 i - a +0 leather armour
 n - a +0 buckler (worn)
 o - a +0 scale mail
 s - a +0 chain mail
 t - a +1 plate armour (worn)
 v - a +2 hat (worn)
 y - +0 acid dragon scales
 G - the +2 pair of boots "Xynweob" (worn) {Int+3}
   (You found it on level 9 of the Dungeon)

   Int:       It affects your intelligence (+3).
Jewellery
 j - an amulet of guardian spirit (around neck)
 q - a +6 ring of intelligence (left hand)
 r - an amulet of reflection
 F - a ring of ice
Wands
 w - a wand of paralysis (6)
 I - a wand of flame (12)
Scrolls
 f - 2 scrolls of teleportation
 p - 2 scrolls of butterflies
 x - a scroll of fear
Potions
 c - 4 potions of ambrosia
 h - 4 potions of flight
 u - a potion of cancellation
 A - 4 potions of brilliance
 B - a potion of berserk rage {unknown}


   Skills:
 + Level 7.4 Fighting
 - Level 2.0(3.6) Short Blades
 * Level 5.2(5.5) Long Blades
 + Level 9.6 Axes
 - Level 2.0 Throwing
 * Level 12.5 Armour
 * Level 7.5 Dodging
 * Level 4.8 Stealth
 - Level 2.0 Shields


You had 10 spell levels left.
You didn't know any spells.
Your spell library contained the following spells:

 Spells                   Type           Power      Damage    Failure   Level
 Blink                    Tloc           0%         N/A       100%        2
 Call Canine Familiar     Summ           0%         N/A       100%        3
 Gell's Gravitas          Tloc           0%         N/A       100%        3
 Lesser Beckoning         Tloc           0%         N/A       100%        3
 Portal Projectile        Hex/Tloc       0%         N/A       100%        3
 Teleport Other           Tloc           0%         N/A       100%        3
 Leda's Liquefaction      Hex/Erth       0%         N/A       100%        4
 Manifold Assault         Tloc           0%         N/A       100%        5
 Conjure Ball Lightning   Conj/Air       0%         3x3d6     100%        6
 Discord                  Hex            0%         N/A       100%        8
 Disjunction              Tloc           0%         N/A       100%        8


Dungeon Overview and Level Annotations

Branches:
Dungeon (9/15)             Temple (1/1) D:6             Orc (1/2) D:9
   Lair: D:8-11

Altars:
Ashenzari
Cheibriados
Dithmenos
Elyvilon
Fedhas
Gozag
Hepliaklqana
Kikubaaqudgha
Makhleb
Nemelex Xobeh
Okawaru
Qazlal
Ru
Sif Muna
Trog
Uskayaw
Wu Jian
Xom
Yredelemnul
Zin
The Shining One

Shops:
D:4 *   D:9 !

Portals:
Volcano: Orc:1

Annotations:
Temple 2 transporters
Orc:1 Snorg


Innate Abilities, Weirdness & Mutations

Your life essence is reduced to manifest your ancestor. (-10% HP)
You have a pair of horns on your head.
You reflexively headbutt those who attack you in melee.
You possess an exceptional clarity of mind.
Your body sometimes deteriorates upon taking damage.


Message History

Okay, then.
You swap places.
The orc warlord hits Bojana with a +0 great mace!!
Bojana hits the orc warlord with a +0 quarterstaff!
Select a target.
Press: ? - help, Dir - move target, f - orc warlord
Aim: an orc warlord, wielding a +0 great mace and wearing a +0 plate armour (lightly wounded, ally target)
The floor.
The orc warlord swaps with Bojana!
The ogre hits Bojana with a +0 giant club!!
Bojana is destroyed!
The orc warlord barely misses you.
You barely miss the orc warlord. Your headbutt misses the orc warlord.
The orc warlord is lightly wounded.
The orc warlord hits you with a +0 great mace.
The orc warlord hits you with a +0 great mace.
The orc warlord hits you with a +0 great mace!
The orc warlord hits you with a +0 great mace.
The orc warlord hits you with a +0 great mace!
You slash the orc warlord!
The orc warlord is lightly wounded.
The orc warlord hits you with a +0 great mace!
Your body deteriorates!
You feel weakened.
You hit the orc warlord but do no damage.
The orc warlord is lightly wounded.
The orc warlord closely misses you. You furiously retaliate!
You headbutt the orc warlord! You slash the orc warlord!
The orc warlord is moderately wounded.
The orc warlord hits you with a +0 great mace!!
* * * LOW HITPOINT WARNING * * *
The orc warlord attacks as you move away!
The orc warlord hits you with a +0 great mace!
* * * LOW HITPOINT WARNING * * *
You feel better.
The orc warlord hits you with a +0 great mace!
* * * LOW HITPOINT WARNING * * *
The orc warlord attacks as you move away!
The orc warlord hits you with a +0 great mace!
You die...

##8###8###8###.##.....♣.....(....
#...#...#...#...#...........)....
#.)...[.).........#####....).....
).....)...........# #....))....
#.........O.o.....# #...##)....
#...#...#...#...#§# #...##)....
##8###8###8###8##O# #...##)##..
######## ########o# #...##)##..
.....# #......@.#####...##.##..
.....# #.######.....>..^##.##..
.###.# #.# #.........##.##.. .#
#.# #.# #.........##.##.. .# #.#
#.# #.........##..... .# #.# #.#
#......<.....###. .# #.# #.#
#............# #. .# #.# #.#
#........##..# #. .#
#.#####.######........##..# #.


You could see an orc warlord and an ogre.

Vanquished Creatures
  2 trolls
  7 yaks
  A steam dragon (D:9)
  An acid dragon (D:9)
  2 water moccasins (D:6)
  3 orc warriors (D:9)
  An ice beast (D:5)
  2 black bears
  A sky beast (D:4)
  3 ogres (D:5)
  A phantom (D:6)
  3 bullfrogs
  2 gnoll sergeants
  9 killer bees (D:9)
  2 howler monkeys
  2 hounds (D:5)
  4 orc priests
  Terence (D:3)
  6 iguanas
  4 orc wizards
  9 gnolls
  4 adders
  A shadow imp (D:5)
  2 white imps
  3 worms (D:2)
  4 dart slugs
  14 orcs
  6 endoplasms
  4 giant cockroaches
  6 goblins
  11 hobgoblins
  4 jackals (D:3)
  4 quokkas
  10 ball pythons
  9 bats
  3 frilled lizards (D:1)
  3 kobolds
  7 rats
161 creatures vanquished.

Vanquished Creatures (collateral kills)
  Erica (Orc:1)
  A two-headed ogre (D:8)
  A hornet (D:9)
  3 wyverns
  3 yaks
  5 orc warriors
  An ogre (D:7)
  A centaur (D:7)
  4 kobold brigands
  A bullfrog (D:9)
  A necrophage (D:6)
  2 killer bees (D:9)
  3 howler monkeys (D:8)
  A hound (D:6)
  A jelly (D:6)
  2 orc priests (D:7)
  Crazy Yiuf (D:7)
  7 orc wizards (D:7)
  8 gnolls
  2 shadow imps (D:7)
  13 orcs
  19 kobolds
81 creatures vanquished.

Vanquished Creatures (others)
  10 battlemagi
10 creatures vanquished.

Grand Total: 252 creatures vanquished

Notes
Turn   | Place    | Note
-------+----------+-------------------------------------------
     0 | D:1      | cowcol the Minotaur Monk began the quest for the Orb.
     0 | D:1      | Reached XP level 1. HP: 19/19 MP: 0/0
   168 | D:1      | Reached XP level 2. HP: 21/27 MP: 1/1
   639 | D:1      | Reached skill level 1 in Armour
   842 | D:2      | Reached XP level 3. HP: 20/33 MP: 2/2
  1246 | D:2      | Found a faded altar of an unknown god.
  1609 | D:2      | Reached XP level 4. HP: 41/41 MP: 3/3
  2124 | D:3      | Reached skill level 2 in Armour
  2249 | D:3      | Noticed Terence
  2545 | D:3      | Killed Terence
  2956 | D:4      | Reached XP level 5. HP: 44/47 MP: 4/4
  2964 | D:4      | Noticed a sky beast
  2986 | D:4      | Killed a sky beast
  2987 | D:4      | Reached skill level 3 in Armour
  3224 | D:4      | Found Puril's Elemental Accessories.
  3262 | D:4      | Reached skill level 5 in Axes
  3262 | D:4      | Reached XP level 6. HP: 42/53 MP: 5/5
  3501 | D:4      | Reached skill level 4 in Armour
  4057 | D:5      | Entered Level 5 of the Dungeon
  4075 | D:5      | Reached skill level 5 in Fighting
  4075 | D:5      | Reached skill level 5 in Armour
  4075 | D:5      | Reached XP level 7. HP: 56/61 MP: 6/6
  4126 | D:5      | Reached skill level 1 in Throwing
  4515 | D:5      | Reached skill level 6 in Armour
  4515 | D:5      | Reached skill level 5 in Dodging
  5161 | D:6      | Reached XP level 8. HP: 54/69 MP: 7/7
  5256 | D:6      | Noticed a troll
  5392 | D:5      | Killed a troll
  5393 | D:5      | Reached skill level 7 in Armour
  6642 | D:6      | Reached skill level 1 in Short Blades
  7044 | D:6      | Found a staircase to the Ecumenical Temple.
  7053 | Temple   | Entered the Ecumenical Temple
  7053 | Temple   | Found a transporter.
  7053 | Temple   | Found a transporter.
  7055 | Temple   | Found a transporter.
  7055 | Temple   | Found a transporter.
  7073 | Temple   | Became a worshipper of Hepliaklqana the Forgotten
  7073 | Temple   | Reached * piety under Hepliaklqana
  7073 | Temple   | Reached ** piety under Hepliaklqana
  7074 | Temple   | Remembered your ancestor Bojana as a battlemage
  7146 | D:6      | Reached skill level 8 in Armour
  7275 | D:6      | Reached skill level 1 in Long Blades
  7481 | D:7      | Reached XP level 9. HP: 67/67 MP: 8/8
  7582 | D:7      | Found an ancient bone altar of Kikubaaqudgha.
  7596 | D:7      | Found a blossoming altar of Fedhas.
  7596 | D:7      | Found a hide-covered altar of Uskayaw.
  7793 | D:7      | Reached skill level 9 in Armour
  8220 | D:7      | Found a runed translucent door.
  8221 | D:7      | Gained mutation: Your body sometimes deteriorates upon
                  | taking damage. [potion of mutation]
  8221 | D:7      | Gained mutation: Your body often deteriorates upon taking
                  | damage. [potion of mutation]
  8221 | D:7      | Gained mutation: You are partially covered in iridescent
                  | scales. (AC +2) [potion of mutation]
  8222 | D:7      | Lost mutation: You are partially covered in iridescent
                  | scales. (AC +2) [potion of mutation]
  8222 | D:7      | Lost mutation: Your body often deteriorates upon taking
                  | damage. [potion of mutation]
  8222 | D:7      | Lost mutation: Your body sometimes deteriorates upon taking
                  | damage. [potion of mutation]
  8222 | D:7      | Gained mutation: You expend magic power (3 MP) to
                  | strengthen your wands. [potion of mutation]
  8222 | D:7      | Gained mutation: You are strong-willed. (Will+) [potion of
                  | mutation]
  8223 | D:7      | Lost mutation: You are strong-willed. (Will+) [potion of
                  | mutation]
  8223 | D:7      | Lost mutation: You expend magic power (3 MP) to strengthen
                  | your wands. [potion of mutation]
  8223 | D:7      | Gained mutation: Your body sometimes deteriorates upon
                  | taking damage. [potion of mutation]
  8223 | D:7      | Gained mutation: You possess an exceptional clarity of
                  | mind. [potion of mutation]
  8226 | D:7      | Noticed Crazy Yiuf
  8672 | D:7      | Killed Crazy Yiuf
  8673 | D:7      | Reached skill level 10 in Armour
  9519 | D:8      | Noticed a two-headed ogre
  9526 | D:8      | Killed a two-headed ogre
  9527 | D:8      | Reached XP level 10. HP: 75/75 MP: 9/9
  9779 | D:9      | Found Rimp's Distillery.
  9791 | D:9      | Paralysed by a hornet for 2 turns
  9809 | D:9      | Reached skill level 11 in Armour
 10804 | D:9      | Found a staircase to the Orcish Mines.
 10841 | D:9      | Reached skill level 12 in Armour
 10879 | D:9      | Reached skill level 5 in Long Blades
 11435 | D:9      | Reached *** piety under Hepliaklqana
 11528 | D:9      | Identified the +2 pair of boots "Xynweob" {Int+3}
 11750 | Orc:1    | Entered Level 1 of the Orcish Mines
 11751 | Orc:1    | Noticed Erica
 11754 | Orc:1    | Killed Erica
 11755 | Orc:1    | Reached XP level 11. HP: 72/82 MP: 6/10
 11802 | Orc:1    | Found a dark tunnel.
 11803 | Orc:1    | Noticed Snorg
 11837 | Orc:1    | Noticed an orc warlord
 12101 | D:9      | HP: 4/82 [orc warlord/+0 great mace (13)]
 12103 | D:9      | Mangled by an orc warlord

Illustrated notes

Levels and vault maps discovered:
D:1:      roderic_dead_forest, layout_basic
D:2:      layout_basic, ebering_ecumenical_altar_box
D:3:      layout_basic, uniq_terence
D:4:      layout_basic, nicolae_elemental_shop,
          minmay_fractal_squares_diagonal_5
D:5:      layout_gridville
D:6:      nicolae_cairo_tiling_large_dashed, layout_loops_ring
D:7:      layout_loops_ring, grunt_temple_overflow_open,
          kennysheep_generic_room_9, uniq_crazy_yiuf_cottage
D:8:      layout_loops_corners, kennysheep_generic_room_6
D:9:      layout_long_grid, david_orc_4, serial_shops, nicolae_diamond_shop
Temple:   hellmonk_temple_divided_pantheon
Orc:1:    layout_diamond_mine, nicolae_volcano_entry_two_sided, elf_legates,
          uniq_erica, uniq_snorg

Skill      XL: |  1  2  3  4  5  6  7  8  9 10 |
---------------+-------------------------------+-----
Fighting       | 4 5 6 7 |  7.4
Axes           | 4 5 6 7 8 9 |  9.6
Armour         | 1 2 3 5 6 8 10 12 | 12.5
Stealth        | 2 4 |  4.8
Dodging        | 4 5 6 7 |  7.5
Shields        | 2 |  2.0
Throwing       | 1 2 |  2.0
Short Blades   | 2 |  2.0
Long Blades    | 1 3 5 |  5.2

Action                   |  1- 3 |  4- 6 |  7- 9 | 10-12 || total
-------------------------+-------+-------+-------+-------++-------
Melee: Hand axe          |   101 |   164 |   219 |     7 ||   491
       Headbutt          |    17 |    26 |    53 |    24 ||   120
       War axe           |       |       |       |    89 ||    89
       Battleaxe         |       |       |       |    32 ||    32
Throw: Stone             |     3 |    17 |    27 |       ||    47
       Dart              |       |       |       |     8 ||     8
       Javelin           |       |       |       |     3 ||     3
Invok: Ancestor Life: Ba |       |       |     1 |       ||     1
       Recall Ancestor   |       |       |       |     2 ||     2
       Transference      |       |       |       |     1 ||     1
Evoke: Wand              |       |       |    10 |    10 ||    20
  Use: Scroll            |       |     7 |     9 |     2 ||    18
       Potion            |       |     1 |     9 |     5 ||    15
 Stab: Sleeping          |     4 |     3 |       |       ||     7
       Paralysed         |       |       |     4 |       ||     4
Armor: Robe              |    15 |     1 |       |       ||    16
       Leather armour    |       |    13 |       |       ||    13
       Scale mail        |       |     9 |       |       ||     9
       Chain mail        |       |    45 |    96 |       ||   141
       Plate armour      |       |       |    42 |   113 ||   155
Dodge: Dodged            |    68 |    68 |    67 |    53 ||   256
Block: Buckler           |     1 |    49 |    65 |    17 ||   132
